 Dungeon Crawl Stone Soup version 0.30-a0-373-gd37427bb62 (webtiles) character file.

Game seed: 2665301667581672508

6356 funkygono the Arsonist (level 10, -5/70 HPs)
             Began as a Demonspawn Fire Elementalist on Nov 23, 2022.
             Was a Believer of Vehumet.
             Slain by an efreet
             ... wielding a +2 scimitar of flaming
              (18 damage)
             ... on level 9 of the Dungeon.
             The game lasted 00:17:18 (10102 turns).

funkygono the Arsonist (DsFE)                      Turns: 10102, Time: 00:17:19

Health: -5/70      AC:  8    Str:  9    XL:     10   Next: 65%
Magic:  23/23      EV: 13    Int: 26    God:    Vehumet [**....]
Gold:   649        SH:  0    Dex: 18    Spells: 16/27 levels left

rFire   + . .      SeeInvis .    k - +3 whip (freeze)
rCold   x . .      Faith    .    (no shield)
rNeg    . . .      Spirit   .    p - +2 robe {Archmagi}
rPois   .          Reflect  .    L - +1 helmet
rElec   .          Harm     .    (no cloak)
rCorr   .          Rampage  .    c - +0 pair of gloves of Gravity {Dex+4}
Will    .....      Archmagi +    (boots unavailable)
Stlth   ++........               (no amulet)
HPRegen 0.31/turn                j - ring of fire
MPRegen 0.18/turn                x - +6 ring of intelligence

@: no status effects
A: hooves 3, rugged brown scales 1, demonic guardian 1, spiny 1
a: Renounce Religion


You were on level 9 of the Dungeon.
You worshipped Vehumet.
Vehumet was pleased with you.
You visited 2 branches of the dungeon, and saw 10 of its levels.
You also visited: Sewer.

You collected 649 gold pieces.

Inventory:

Hand Weapons
 g - a +0 dagger
 k - a +3 whip of freezing (weapon)
 r - a +3 mace
Armour
 c - the +0 pair of gloves of Gravity (worn) {Dex+4}
   (You found it on level 8 of the Dungeon)

   Dex:       It affects your dexterity (+4).
 m - the +3 leather armour "Malanweock" {Rampage rElec rPois Dex-5}
   (You took it off an orc wizard on level 8 of the Dungeon)

   Dex:       It affects your dexterity (-5).
   rElec:     It insulates you from electricity.
   rPois:     It protects you from poison.
   Rampage:   It bestows one free step when moving towards enemies.
 p - a +2 robe of the Archmagi (worn)
 s - a +1 kite shield of protection
 y - a +0 leather armour
 A - a +0 pair of gloves
 D - +0 steam dragon scales
 G - +0 pearl dragon scales
 L - a +1 helmet (worn)
Jewellery
 d - a ring of willpower
 j - a ring of fire (left hand)
 n - a +6 ring of strength
 t - a +4 ring of evasion
 w - a ring of poison resistance
 x - a +6 ring of intelligence (right hand)
Wands
 a - a wand of polymorph (5)
 b - a wand of roots (4)
 v - a wand of flame (12)
 E - a wand of mindburst (20)
Scrolls
 f - 2 scrolls of silence
 q - 2 scrolls of fear
 F - 2 scrolls of poison
 I - a scroll of identify
 M - a scroll of teleportation
 N - a scroll of fog
Potions
 e - a potion of ambrosia
 h - 7 potions of curing
 i - 4 potions of lignification
 l - a potion of heal wounds
 o - 4 potions of might
 u - 2 potions of mutation
 z - 3 potions of haste
 B - a potion of cancellation {unknown}
 C - a potion of flight {unknown}
 H - a potion of resistance {unknown}
 J - 3 potions of attraction
 K - 2 potions of brilliance


   Skills:
 + Level 2.6 Fighting
 + Level 2.4 Maces & Flails
 + Level 3.3 Dodging
 - Level 1.7 Stealth
 + Level 9.2 Spellcasting
 + Level 6.8 Conjurations
 + Level 9.5 Fire Magic


You had 16 spell levels left.
You knew the following spells:

 Your Spells              Type           Power      Damage    Failure   Level
a - Foxfire               Conj/Fire      100%       2x1d9     1%          1
b - Scorch                Fire           100%       2d10      1%          2
c - Kindle Blastsparks    Fire/Tloc/Air  100%       2d18      4%          3
d - Flame Wave            Conj/Fire      89%        2d19      1%          4
e - Sandblast             Erth           34%        2d9       4%          1

Your spell library contained the following spells:

 Spells                   Type           Power      Damage    Failure   Level
 Magic Dart               Conj           100%       1d8       1%          1
 Inner Flame              Hex/Fire       70%        N/A       2%          3
 Hailstorm                Conj/Ice       44%        3d10      3%          3
 Freeze                   Ice            68%        1d8       4%          1
 Frozen Ramparts          Ice            34%        1d6       16%         3
 Leda's Liquefaction      Hex/Erth       8%         N/A       45%         4
 Lee's Rapid Deconstruct  Erth           8%         3d7*      80%         5
 Statue Form              Tmut/Erth      11%        N/A       100%        6


Dungeon Overview and Level Annotations

Branches:
Dungeon (9/15)             Temple (1/1) D:5           Sewer (visited)
   Lair: D:8-11         Orc: D:9-12

Altars:
Ashenzari
Dithmenos
Fedhas
Gozag
Hepliaklqana
Kikubaaqudgha
Makhleb
Nemelex Xobeh
Okawaru
Sif Muna
Trog
Uskayaw
Vehumet
Wu Jian
Xom


Innate Abilities, Weirdness & Mutations

You have hooves in place of feet.
You are partially covered in rugged brown scales. (AC +1, +3% HP)
A weak demonic guardian rushes to your aid.
You are partially covered in sharp spines.


Message History

The efreet is lightly wounded.
The efreet hits you with a +2 scimitar of flaming!
The efreet burns you.
You hit the efreet but do no damage. The efreet barely misses you.
You hit the efreet. You freeze the efreet.
The efreet is lightly wounded.
The efreet gestures at you. The bolt of fire hits you! You resist.
* * * LOW HITPOINT WARNING * * *
Unknown command.
You hit the efreet but do no damage. You kick the efreet.
The efreet is moderately wounded.
The efreet closely misses you.
You hit the efreet but do no damage.
The efreet is moderately wounded.
The efreet closely misses you.
You hit the efreet but do no damage. You kick the efreet.
The efreet is moderately wounded.
The efreet is struck by your spines. The efreet barely misses you.
You hit the efreet but do no damage.
The efreet is moderately wounded.
The efreet gestures at you. The bolt of fire hits you! You resist.
* * * LOW HITPOINT WARNING * * *
A demonic guardian appears!
You feel much better. The efreet is struck by your spines.
The efreet hits you with a +2 scimitar of flaming!!
* * * LOW HITPOINT WARNING * * *
The efreet burns you.
* * * LOW HITPOINT WARNING * * *
You feel much better.
The efreet hits you with a +2 scimitar of flaming!
* * * LOW HITPOINT WARNING * * *
The efreet burns you.
* * * LOW HITPOINT WARNING * * *
A demonic guardian appears!
Your iron imp hits the efreet but does no damage.
The efreet attacks as you move away!
The efreet hits you with a +2 scimitar of flaming!!
You die...

.........#.##........#.
......................
.....#................# . ....
#................#..
....##.........#........#
..............##.......#
>....###5>...#....##..#
..#..##R......).......#
#.##..@5............... ...###.
##..###.)).......##. .. #....#..
#...##).)......##..
..####......###..............#..#
....#........................##..
..>.........##.#..............#..
............###..................
.............##..................
#........###.....................


You could see an efreet (ally target), a friendly iron imp (summoned) and a
friendly white imp (summoned).

Vanquished Creatures
  A two-headed ogre (D:9)
  A troll (D:9)
  A wyvern (D:8)
  Eustachio (D:5)
  4 steam dragons
  An acid dragon (D:7)
  5 water moccasins
  4 sky beasts
  3 ice beasts
  3 black bears
  The ghost of initializr the Chopper, an amateur MiFi of Okawaru (D:3)
  3 ogres
  2 centaurs
  A phantom (D:5)
  A kobold brigand (D:8)
  3 gnoll sergeants
  2 bullfrogs (D:9)
  2 scorpions
  A necrophage (D:4)
  12 wights
  3 killer bees (D:8)
  4 howler monkeys
  5 hounds
  5 jellies
  8 orc priests
  Jessica (D:2)
  4 iguanas
  4 orc wizards
  19 gnolls
  6 adders
  3 river rats (Sewer)
  2 shadow imps
  A white imp (D:6)
  An ufetubus (D:4)
  3 worms
  21 orcs
  9 ball pythons
  9 endoplasms
  7 giant cockroaches
  13 goblins
  8 hobgoblins
  A quokka (D:4)
  5 bats
  4 frilled lizards
  13 kobolds
  11 rats
222 creatures vanquished.

Vanquished Creatures (collateral kills)
  A foxfire (D:1)
1 creature vanquished.

Vanquished Creatures (others)
  A quokka (D:3)
  646 foxfires
  5 plants (D:1)
652 creatures vanquished.

Grand Total: 875 creatures vanquished

Notes
Turn   | Place    | Note
-------+----------+-------------------------------------------
     0 | D:1      | funkygono the Demonspawn Fire Elementalist began the quest
                  | for the Orb.
     0 | D:1      | Reached XP level 1. HP: 13/13 MP: 3/3
   306 | D:1      | Gained mutation: You have large cloven feet. [demonic
                  | ancestry]
   306 | D:1      | Reached XP level 2. HP: 19/19 MP: 3/5
   309 | D:1      | Learned a level 2 spell: Scorch
   834 | D:2      | Gained mutation: You are partially covered in sharp spines.
                  | [demonic ancestry]
   834 | D:2      | Reached XP level 3. HP: 25/25 MP: 4/6
   840 | D:2      | Learned a level 3 spell: Kindle Blastsparks
  1306 | D:2      | Reached skill level 1 in Fighting
  1311 | D:2      | Reached XP level 4. HP: 32/32 MP: 3/7
  1711 | D:2      | Noticed Jessica
  1716 | D:2      | Killed Jessica
  1808 | D:3      | Found a runed translucent door.
  1938 | D:3      | Noticed initializr's ghost (amateur MiFi)
  2674 | D:3      | Found a sparkling altar of Nemelex Xobeh.
  2812 | D:3      | Killed initializr's ghost
  2813 | D:3      | Reached XP level 5. HP: 11/37 MP: 6/9
  2818 | D:3      | Learned a level 4 spell: Flame Wave
  3067 | D:4      | Found an opulent altar of Gozag.
  3180 | D:4      | Gained mutation: You have hoof-like feet. [demonic
                  | ancestry]
  3180 | D:4      | Reached XP level 6. HP: 43/43 MP: 6/11
  3335 | D:4      | Noticed an ice beast
  3343 | D:4      | Killed an ice beast
  3568 | D:4      | Noticed a steam dragon
  3573 | D:4      | Killed a steam dragon
  3574 | D:4      | Reached skill level 5 in Fire Magic
  3574 | D:4      | Gained mutation: You have hooves in place of feet. [demonic
                  | ancestry]
  3574 | D:4      | Reached XP level 7. HP: 50/50 MP: 8/13
  3938 | D:5      | Entered Level 5 of the Dungeon
  4059 | D:5      | Noticed Eustachio
  4068 | D:5      | Killed Eustachio
  4196 | D:5      | Found a glowing drain.
  4200 | Sewer    | Entered a sewer
  4466 | Sewer    | Reached skill level 5 in Spellcasting
  4477 | Sewer    | Found a viscous altar of Jiyva.
  4770 | D:5      | You fall into a shaft and drop 3 floors!
  4801 | D:7      | Noticed a steam dragon
  4817 | D:7      | Gained mutation: You are partially covered in rugged brown
                  | scales. (AC +1, +3% HP) [demonic ancestry]
  4817 | D:7      | Reached XP level 8. HP: 25/58 MP: 2/16
  5360 | D:5      | Found a staircase to the Ecumenical Temple.
  5375 | Temple   | Entered the Ecumenical Temple
  5517 | Temple   | Became a worshipper of Vehumet
  5905 | D:5      | Found a blossoming altar of Fedhas.
  6420 | D:6      | Reached XP level 9. HP: 61/63 MP: 11/18
  6515 | D:6      | Reached skill level 5 in Conjurations
  6906 | D:6      | Reached skill level 1 in Maces & Flails
  7841 | D:7      | Found an ancient bone altar of Kikubaaqudgha.
  7963 | D:8      | Identified the +0 pair of gloves of Gravity {Dex+4}
  8102 | D:8      | Reached * piety under Vehumet
  8102 | D:8      | Offered knowledge of Sandblast by Vehumet.
  8182 | D:8      | Identified the +3 leather armour "Malanweock" {Rampage
                  | rElec rPois Dex-5}
  8314 | D:8      | Gained mutation: A weak demonic guardian rushes to your
                  | aid. [demonic ancestry]
  8314 | D:8      | Reached XP level 10. HP: 68/70 MP: 14/21
  9490 | D:8      | Learned a level 1 spell: Sandblast
  9559 | D:9      | Reached ** piety under Vehumet
  9559 | D:9      | Offered knowledge of Magic Dart by Vehumet.
  9563 | D:9      | Noticed a two-headed ogre
  9573 | D:9      | Killed a two-headed ogre
 10102 | D:9      | Slain by an efreet

Illustrated notes

Levels and vault maps discovered:
D:1:      giann_forest_graveyard, layout_rooms, serial_forest,
          infiniplex_forest_corner_1, infiniplex_forest_clump_double,
          infiniplex_forest_lined_room_3, infiniplex_forest_clump_tiny,
          infiniplex_forest_straight_1, infiniplex_forest_split
D:2:      layout_basic, minmay_tetromino_s4, uniq_jessica
D:3:      layout_basic, elyvilon_altar_4, gammafunk_temple_overflow_elements,
          ebering_ghost_reflecting_pool
D:4:      layout_loops_cross, mainiacjoe_overflow_chevrons
D:5:      layout_basic, fedhas_altar_2, minmay_temple_entry_sparse_star,
          gup_sewer_entry_spiral, hangedman_abyss_or_decor_stagger,
          hangedman_abyss_or_decor_passed, uniq_eustachio
D:6:      layout_cave_pods, corexii_leaking_fountain
D:7:      layout_rooms, mainiacjoe_overflow_alcove_2, enter_bailey_2,
          minmay_starry_boxes
D:8:      layout_basic, grunt_ministairs_7, kennysheep_crisscross,
          nicolae_hexahallways, hangedman_misty_isle
D:9:      layout_cave_pools, mainiacjoe_overflow_brackets,
          nicolae_ru_great_annihilating_truth, minivault_28
Temple:   minmay_temple_forest_path

Skill      XL: |  1  2  3  4  5  6  7  8  9 10 |
---------------+-------------------------------+-----
Fire Magic     | 3 4 5 7 8 9 |  9.5
Fighting       | 1 2 |  2.6
Conjurations   | 2 3 4 6 |  6.8
Dodging        | 2 3 |  3.3
Spellcasting   | 3 4 5 6 7 9 |  9.2
Maces & Flails | 2 |  2.4
Stealth        | |  1.7

Action                   |  1- 3 |  4- 6 |  7- 9 | 10-12 || total
-------------------------+-------+-------+-------+-------++-------
Melee: Whip              |    24 |     2 |    28 |    15 ||    69
       Kick              |    10 |       |     9 |     4 ||    23
       Punch             |     1 |       |     1 |       ||     2
 Cast: Foxfire           |    54 |    45 |   179 |    93 ||   371
       Scorch            |       |    15 |    32 |    28 ||    75
       Flame Wave        |       |       |     2 |     4 ||     6
       Sandblast         |       |       |       |     1 ||     1
  Use: Potion            |       |     1 |       |     2 ||     3
       Scroll            |       |       |    22 |     3 ||    25
Armor: Robe              |     1 |     1 |    18 |     8 ||    28
Dodge: Dodged            |     9 |     6 |    30 |    26 ||    71

Table legend: (Time is in decaauts)
 A = Elapsed time spent in this place.
 B = Non-inter-level travel time spent in this place.
 C = Inter-level travel time spent in this place.
 D = Time resting spent in this place.
 E = Time spent auto-exploring this place.
 F = Levels seen in this place.
 G = Mean time per level.
                   A        B        C        D        E       F      G
               +--------+--------+--------+--------+--------+-----+--------+
         Total |  10178 |   9899 |    279 |    441 |   7681 |  11 |  925.3 |
       Dungeon |   9462 |   9218 |    244 |    441 |   7146 |   9 | 1051.3 |
        Temple |    310 |    276 |     34 |      0 |    257 |   1 |  310.0 |
         Sewer |    404 |    404 |      0 |      0 |    278 |   1 |  404.0 |
               +--------+--------+--------+--------+--------+-----+--------+

Top non-repeatable levels by time:
     D:8: 1670 daAuts
     D:6: 1279 daAuts
     D:5: 1251 daAuts
     D:3: 1218 daAuts
     D:2: 1018 daAuts
     D:4: 927 daAuts
     D:1: 774 daAuts
     D:7: 756 daAuts
     D:9: 566 daAuts
   Sewer: 404 daAuts
  Temple: 310 daAuts
